 Dungeon Crawl Stone Soup version 0.20.1-1-g8b1a95d (webtiles) character file.

22040 fili the Warrior (level 12, -6/122 HPs)
             Began as a Minotaur Berserker on Aug 22, 2017.
             Was an Elder of Trog.
             Killed from afar by a wretched star (21 damage)
             ... with an orb of energy
             ... on level 2 of the Abyss on Aug 25, 2017.
             The game lasted 01:04:04 (12682 turns).

fili the Warrior (Minotaur Berserker)              Turns: 12682, Time: 01:04:05

Health: -6/122     AC: 12    Str: 27    XL:     12   Next: 59%
Magic:  11/11      EV:  8    Int:  4    God:    Trog [****..]
Gold:   716        SH:  0    Dex: 10    Spells: 11/11 levels left

rFire    . . .     SeeInvis .   a - +0 morningstar (crush)
rCold    . . .     Gourm    .   (no shield)
rNeg     . . .     Faith    .   J - +1 plate armour {rPois}
rPois    +         Spirit   .   (helmet restricted)
rElec    .         Reflect  .   (no cloak)
rCorr    .         Harm     .   (no gloves)
MR       +....                  (no boots)
Stlth    ..........             (no amulet)
Regen    0.3/turn               A - ring of protection from magic
MPRegen  0.2/turn               e - ring of flight (curse)

@: hasted, very quick
A: retaliatory headbutt, horns 2
a: Berserk, Trog's Hand, Brothers in Arms, Burn Spellbooks, Renounce Religion,
Evoke Flight


You were on level 2 of the Abyss.
You worshipped Trog.
Trog was greatly pleased with you.
You were not hungry.

You visited 2 branches of the dungeon, and saw 12 of its levels.
You visited the Abyss 1 time.

You collected 716 gold pieces.

Inventory:

Hand Weapons
 a - a +0 morningstar of crushing (weapon)
 b - a +0 blowgun
Missiles
 n - 6 silver javelins
 C - 22 stones
 K - 4 steel javelins
 M - a tomahawk (quivered)
 N - 4 needles of sleeping
 O - 89 poisoned needles
Armour
 J - a +1 plate armour of poison resistance (worn)
Jewellery
 e - a cursed ring of flight (right hand)
 A - a ring of protection from magic (left hand)
Wands
 d - a wand of flame (19/48)
 h - a wand of polymorph (5/24)
 t - a wand of polymorph (9/24)
 w - a wand of disintegration (13/24)
 y - a wand of iceblast (0/15)
 P - a wand of paralysis (7/24)
Scrolls
 f - a scroll of torment {unknown}
 i - 2 scrolls of teleportation
 p - 6 scrolls of remove curse
 r - a scroll of magic mapping
 u - a scroll of fear {unknown}
 x - a scroll of enchant weapon {unknown}
 z - a scroll of recharging {unknown}
 B - a scroll of identify
 D - a scroll of noise {unknown}
 E - 2 scrolls of fog {unknown}
Potions
 g - 2 potions of heal wounds
 j - a potion of brilliance
 l - 4 potions of curing
 s - 2 potions of resistance
 v - a potion of agility
 L - 2 potions of flight {unknown}
 Q - a potion of magic {unknown}
Comestibles
 c - 7 bread rations
 k - 6 royal jellies
 o - 18 fruits
 q - 5 meat rations


   Skills:
 * Level 16.2 Fighting
 * Level 16.1 Maces & Flails
 + Level 7.5 Throwing
 - Level 2.4 Armour
 - Level 2.1 Dodging


You had 11 spell levels left.
You didn't know any spells.

Dungeon Overview and Level Annotations

Branches:
Dungeon (10/15)            Temple (0/1) D:7            Lair (2/6) D:9
 Spider (0/4) Lair:2          Orc (0/2) D:9
  Swamp: Lair:2-4    Shoals: Lair:2-4

Altars:
Dithmenos
Fedhas
Kikubaaqudgha
Makhleb
Okawaru
Ru
Sif Muna
Xom
The Shining One

Annotations:
Lair:2 Sonja


Innate Abilities, Weirdness & Mutations

You reflexively headbutt those who attack you in melee.
You have a pair of horns on your head.


Message History

* * * LOW HITPOINT WARNING * * *
You feel yourself speed up.
You closely miss the chaos spawn. You headbutt the chaos spawn.
The chaos spawn is lightly wounded.
You closely miss the chaos spawn.
The chaos spawn is lightly wounded.
You closely miss the chaos spawn. Your headbutt misses the chaos spawn.
The chaos spawn is lightly wounded.
The chaos spawn closely misses you.
You thump the chaos spawn! You headbutt the chaos spawn!
The chaos spawn is almost dead.
You bludgeon the chaos spawn!!
You kill the chaos spawn!
Trog accepts your kill.
The chaos spawn degenerates into a cloud of primal chaos!
You start resting.
A wretched star comes into view.
The wretched star glows turbulently.
The orb of energy hits you!
You die...

. . .# .. ##.
##.#..# #
#.#.... .)#
.......####.*.#
#...#....#..
#.@.....#
##..#......
#..#..###. ...#
#.. #.#.. .##
####.. . ## #


You could see a wretched star.

Vanquished Creatures
  A hydra (D:8)
  Harold (Lair:1)
  A centaur warrior (D:10)
  2 two-headed ogres
  An unseen horror (D:10)
  Pikel (D:4)
  A cyclops (D:10)
  2 spiny frogs (Lair:1)
  The ghost of p0werm0de the Skirmisher, a novice DsBe of Trog (D:6)
  Joseph (D:10)
  A centaur skeleton (D:10)
  2 komodo dragons (Lair:2)
  A rime drake (Lair:1)
  An ancient zyme (Abyss:2)
  2 trolls (D:9)
  A jumping spider (Lair:2)
  Prince Ribbit (D:6)
  6 blink frogs
  5 hippogriffs
  2 dream sheep (D:8)
  Sigmund (D:2)
  A vampire (D:10)
  A wraith (D:8)
  28 yaks
  A wyvern (D:10)
  A hungry ghost (D:7)
  A basilisk (D:9)
  A chaos spawn (Abyss:2)
  Edmund (D:6)
  6 porcupines
  7 water moccasins
  3 phantoms
  6 black bears
  2 orc warriors
  5 ogres
  3 ice beasts
  3 sky beasts
  3 centaurs
  4 crocodiles
  4 big kobolds
  6 bullfrogs
  A gnoll sergeant (D:6)
  A wyvern zombie (D:10)
  3 scorpions
  8 killer bees (D:10)
  5 wights (D:10)
  3 howler monkeys
  2 crimson imps (D:8)
  A centaur zombie (D:6)
  A bullfrog zombie (D:7)
  5 orc wizards
  A quasit (D:7)
  2 hounds
  3 jellies
  5 orc priests
  2 bullfrog skeletons
  2 iguanas
  A worker ant (D:4)
  2 killer bee zombies
  A hound zombie (D:6)
  4 worker ant zombies
  Robin (D:2)
  9 gnolls
  8 adders
  A shadow imp (D:6)
  2 oozes
  An adder skeleton (D:5)
  An adder zombie (D:9)
  3 worms
  2 leopard geckos
  21 orcs
  4 bats
  5 giant cockroaches
  14 goblins
  12 hobgoblins
  10 jackals
  A quokka (D:5)
  2 ball pythons
  3 frilled lizards
  4 hobgoblin zombies (D:6)
  A jackal skeleton (D:4)
  10 kobolds
  3 kobold skeletons (D:6)
  2 kobold zombies (D:6)
  A leopard gecko zombie (D:8)
  2 orc skeletons (D:6)
  2 orc zombies (D:6)
  6 rats
306 creatures vanquished.

Vanquished Creatures (others)
  An orc wizard (D:4)
  A fungus (Lair:1)
2 creatures vanquished.

Grand Total: 308 creatures vanquished

Notes
Turn   | Place    | Note
-------+----------+-------------------------------------------
     0 | D:1      | fili the Minotaur Berserker began the quest for the Orb.
     0 | D:1      | Reached XP level 1. HP: 19/19 MP: 0/0
   220 | D:1      | Reached XP level 2. HP: 17/27 MP: 1/1
   690 | D:2      | Reached XP level 3. HP: 28/34 MP: 2/2
   778 | D:2      | Noticed Robin
   786 | D:2      | Killed Robin
   792 | D:2      | Reached ** piety under Trog
   862 | D:2      | Reached skill level 5 in Fighting
   966 | D:2      | Reached XP level 4. HP: 39/42 MP: 3/3
  1265 | D:2      | Reached skill level 5 in Maces & Flails
  1401 | D:2      | Noticed Sigmund
  1409 | D:2      | Killed Sigmund
  1409 | D:2      | Reached XP level 5. HP: 36/51 MP: 4/4
  1409 | D:2      | Reached XP level 6. HP: 42/58 MP: 5/5
  1548 | D:2      | Found a faded altar of an unknown god.
  2008 | D:3      | Found a shimmering altar of Xom.
  2009 | D:3      | Found a shadowy altar of Dithmenos.
  2010 | D:3      | Found a deep blue altar of Sif Muna.
  2016 | D:3      | Found a burning altar of Makhleb.
  2020 | D:3      | Found a sacrificial altar of Ru.
  3130 | D:4      | Reached XP level 7. HP: 54/66 MP: 6/6
  3331 | D:4      | HP: 3/67 [orc wizard/puff of flame (12)]
  3704 | D:4      | Noticed Pikel
  3717 | D:4      | Killed Pikel
  3717 | D:4      | Reached XP level 8. HP: 35/78 MP: 7/7
  4124 | D:5      | Entered Level 5 of the Dungeon
  4124 | D:5      | Noticed Prince Ribbit
  4522 | D:5      | Reached skill level 10 in Fighting
  4872 | D:5      | Found an iron altar of Okawaru.
  5088 | D:6      | Noticed Edmund
  5097 | D:6      | Killed Edmund
  5097 | D:6      | Reached skill level 10 in Maces & Flails
  5351 | D:6      | Reached *** piety under Trog
  5367 | D:6      | Reached XP level 9. HP: 77/86 MP: 8/8
  5421 | D:6      | Found a glowing golden altar of the Shining One.
  5422 | D:6      | Noticed p0werm0de's ghost (novice DsBe)
  5473 | D:6      | Killed p0werm0de's ghost
  5661 | D:6      | Killed Prince Ribbit
  6217 | D:7      | Found a staircase to the Ecumenical Temple.
  6427 | D:7      | Reached skill level 1 in Throwing
  6734 | D:8      | Reached **** piety under Trog
  6967 | D:8      | Found a blossoming altar of Fedhas.
  6967 | D:8      | Found an ancient bone altar of Kikubaaqudgha.
  7016 | D:8      | Reached XP level 10. HP: 97/97 MP: 9/9
  7483 | D:8      | Noticed a two-headed hydra
  7492 | D:8      | Killed a two-headed hydra
  7701 | D:9      | Found a staircase to the Orcish Mines.
  7850 | D:9      | Found a staircase to the Lair.
  8019 | D:9      | Received a gift from Trog
  8194 | D:9      | Noticed a two-headed ogre
  8205 | D:9      | Killed a two-headed ogre
  8205 | D:9      | Reached XP level 11. HP: 66/108 MP: 10/10
  8672 | D:10     | Entered Level 10 of the Dungeon
  8751 | D:10     | Reached skill level 5 in Throwing
  8902 | D:10     | Received a gift from Trog
  8934 | D:10     | Noticed a two-headed ogre
  9005 | D:10     | Noticed Joseph
  9022 | D:10     | Killed Joseph
  9206 | D:10     | Reached ***** piety under Trog
  9288 | D:10     | Killed an unseen horror
  9602 | D:10     | Killed a two-headed ogre
  9636 | D:10     | Noticed a centaur warrior
  9649 | D:10     | Killed a centaur warrior
  9649 | D:10     | Reached skill level 15 in Fighting
 10275 | Lair:1   | Entered Level 1 of the Lair of Beasts
 10277 | Lair:1   | Reached skill level 15 in Maces & Flails
 10280 | Lair:1   | Received a gift from Trog
 10458 | Lair:1   | Noticed Harold
 10484 | Lair:1   | Killed Harold
 10484 | Lair:1   | Reached XP level 12. HP: 54/121 MP: 11/11
 11768 | Lair:2   | Received a gift from Trog
 12061 | Lair:2   | Found a hole to the Spider Nest.
 12403 | Lair:2   | Noticed Sonja
 12471 | Lair:2   | Cast into level 2 of the Abyss (Sonja)
 12603 | Abyss:2  | HP: 5/122 [thrashing horror (4)]
 12682 | Abyss:2  | Killed from afar by a wretched star

Skill      XL: |  1  2  3  4  5  6  7  8  9 10 11 12 |
---------------+-------------------------------------+-----
Fighting       | 4 5 6 7 9 10 12 13 15 16 | 16.2
Maces & Flails | 4 6 7 8 10 12 13 15 16 | 16.1
Throwing       | 2 4 6 7 |  7.5
Armour         | |  2.4
Dodging        | |  2.1

Action                   |  1- 3 |  4- 6 |  7- 9 | 10-12 || total
-------------------------+-------+-------+-------+-------++-------
Melee: Mace              |    19 |       |       |       ||    19
       Morningstar       |    35 |    83 |   230 |   421 ||   769
       Headbutt          |     8 |    10 |    41 |    87 ||   146
 Fire: Blowgun           |       |       |       |    19 ||    19
Throw: Stone             |    15 |    37 |     8 |     2 ||    62
       Tomahawk          |       |       |    29 |     3 ||    32
       Javelin           |       |       |       |    41 ||    41
Invok: Berserk           |     1 |     2 |     2 |     2 ||     7
       Trog's Hand       |       |     1 |     5 |     7 ||    13
       Burn Spellbooks   |       |       |       |     1 ||     1
       Brothers in Arms  |       |       |       |     2 ||     2
Evoke: Wand              |       |       |       |     5 ||     5
  Use: Scroll            |       |       |     9 |     3 ||    12
       Potion            |       |       |       |     2 ||     2
 Stab: Sleeping          |     1 |       |       |       ||     1
       Distracted        |       |     1 |       |       ||     1
  Eat: Chunk             |     1 |     9 |    13 |    20 ||    43
       Fruit             |       |       |     3 |     2 ||     5
       Bread ration      |       |       |       |     1 ||     1
Armor: Animal skin       |     9 |     4 |       |       ||    13
       Chain mail        |       |    33 |    17 |       ||    50
       Plate armour      |       |       |   103 |   217 ||   320
Dodge: Dodged            |    36 |    34 |    86 |   133 ||   289
